AoeStats
← Robermad

Arabia

510564366Analyzed
1v1 RM · 1d ago on Oct 1, 2026· 42m 48s· 2 players
Game mode
Random Map
Map size
Tiny (2 player)
Population
200
Speed
Normal
Resources
Standard
Victory
Conquest
Starting age
Dark Age
Ending age
Imperial Age
RankedLock teamsTeams togetherTeam positionsShared explorationLock speedFull tech treeHidden civsTurbo modeCheats
Victory
Defeat
🇵🇪 Turks · Peru
1231
+15
🇪🇸 Lithuanians · Spain
1199
-15
Robermad
5:02 Loom
8:32 Feudal Age
10:17 Horse Collar
17:33 Wheelbarrow
17:50 Town Watch
20:46 Castle Age
19:23 Bloodlines
19:33 Scale Barding Armor
21:31 Husbandry
22:20 Forging
26:36 Fletching
26:46 Padded Archer Armor
29:07 Double-Bit Axe
29:26 Elite Skirmisher
30:04 Bodkin Arrow
30:24 Leather Archer Armor
31:23 Thumb Ring
32:18 Ballistics
32:30 Chain Barding Armor
38:53 Imperial Age
38:55 Iron Casting
39:52 Cavalier
MaxTorres04
7:28 Loom
9:44 Feudal Age
10:20 Double-Bit Axe
13:39 Horse Collar
19:16 Wheelbarrow
23:40 Castle Age
22:05 Fletching
23:37 Padded Archer Armor
23:40 Gold Mining
23:48 Crossbowman
24:33 Thumb Ring
27:09 Husbandry
28:11 Hand Cart
29:08 Bow Saw
28:59 Stone Mining
30:04 Town Watch
30:43 Heavy Plow
32:51 Bloodlines
33:29 Scale Barding Armor
37:24 Imperial Age
36:27 Forging
37:48 Chain Barding Armor
39:45 Two-Man Saw
41:36 Iron Casting
Connection lost

Rejoining the realm…

Still unreachable

The connection could not be restored.

Session expired

The server has moved on; the page needs a fresh start.